 Dungeon Sprint DCSS version 0.27-a0-1347-gd8886f0a89 (webtiles) character file.

Game seed: 4385800762842471962

141 mhtbhm the Geomancer (level 5, -9/28 HPs)
             Began as a Deep Elf Earth Elementalist on June 27, 2021.
             Was an Initiate of Vehumet.
             Splashed by an acid dragon's acid (11 damage)
             ... in the Dungeon (Sprint IX: "|||||||||||||||||||||||||||||").
             The game lasted 00:01:32 (671 turns).

mhtbhm the Geomancer (Deep Elf Earth Elementalist)   Turns: 671, Time: 00:01:32

Health: -9/28      AC:  0    Str:  5    XL:     5   Next: 3%
Magic:  11/17      EV: 16    Int: 21    God:    Vehumet [......]
Gold:   0          SH:  0    Dex: 18    Spells: 14/20 levels left

rFire    . . .     SeeInvis .   a - +2 rapier (drain)
rCold    . . .     Faith    .   (no shield)
rNeg     . . .     Spirit   .   b - +0 robe
rPois    .         Reflect  .   m - +0 helmet
rElec    .         Harm     .   (no cloak)
rCorr    .         Rampage  .   n - +0 pair of gloves
Will     .....     NoTele   +   (no boots)
Stlth    +++.......             (no amulet)
HPRegen  0.09/turn              o - +2 ring of evasion
MPRegen  0.15/turn              p - +3 ring of dexterity

@: corroded, hasted, very quick
A: no striking features
a: Renounce Religion


You were in the Dungeon.
You worshipped Vehumet.
Vehumet was noncommittal.
You visited 1 branch

Inventory:

Hand Weapons
 a - a +2 rapier of draining (weapon)
Missiles
 i - 13 stones
Armour
 b - a +0 robe (worn)
 m - a +0 helmet (worn)
 n - a +0 pair of gloves (worn)
Jewellery
 o - a +2 ring of evasion (left hand)
 p - a +3 ring of dexterity (right hand)
Wands
 l - a wand of acid (9)
Scrolls
 h - 2 scrolls of blinking
 k - 2 scrolls of amnesia
Potions
 c - 5 potions of curing
 d - 3 potions of heal wounds
 f - 4 potions of magic
 g - a potion of berserk rage
 j - a potion of invisibility


   Skills:
 + Level 0.3 Fighting
 + Level 4.4 Dodging
 + Level 4.4 Stealth
 + Level 8.0 Spellcasting
 + Level 1.1 Transmutations
 + Level 8.3 Earth Magic


You had 14 spell levels left.
You knew the following spells:

 Your Spells              Type           Power      Damage    Failure   Level
a - Sandblast             Erth           86%        2d18      1%          1
b - Passwall              Tmut/Erth      23%        N/A       1%          2
c - Stone Arrow           Conj/Erth      50%        3d10      4%          3

Your spell library contained the following spells:

 Spells                   Type           Power      Damage    Failure   Level
 Lee's Rapid Deconstruct  Erth           21%        3d13*     7%          5
 Petrify                  Tmut/Erth      28%        N/A       11%         4


Dungeon Overview and Level Annotations

Branches:
Dungeon (1/1)

Altars:
Cheibriados
Dithmenos
Elyvilon
Fedhas
Gozag
Hepliaklqana
Kikubaaqudgha
Makhleb
Nemelex Xobeh
Okawaru
Qazlal
Ru
Sif Muna
Trog
Uskayaw
Vehumet
Wu Jian
Xom
Yredelemnul
Zin
The Shining One
Beogh
Jiyva
Lugonu


Message History

The acid dragon is lightly wounded.
The bolt of acid hits the wraith.
The wraith is splashed with acid!
The acid corrodes the wraith!
The wraith is moderately damaged.
The bolt of acid hits the orc warrior!
The orc warrior is splashed with acid.
The orc warrior is heavily wounded.
The gnoll sergeant misses you.
Unknown command.
Unknown command.
Aiming: Corrosive Bolt
Press: ? - help, Shift-Dir - straight line, f/p - gnoll sergeant
Aim: a gnoll sergeant, wielding a +0 spear and wearing a +0 ring mail (heavily wounded, covered in acid, 79% to hit)
Okay, then.
Unknown command.
You feel yourself speed up.
The gnoll sergeant hits you from afar with a +0 spear.
You see here a +1 chain mail.
Items here: ))))).
Casting: Sandblast (safe; 1% risk of failure)
Confirm with . or Enter, or press ? or * to list all spells.
Aiming: Stone Arrow (dangerous; 4% risk of failure)
Press: ? - help, Shift-Dir - straight line, f/p - gnoll sergeant
Aim: a gnoll sergeant, wielding a +0 spear and wearing a +0 ring mail (heavily wounded, covered in acid, 79% to hit)
The stone arrow hits the gnoll sergeant!
The gnoll sergeant is almost dead.
Unknown command.
Unknown command.
Casting: Stone Arrow (dangerous; 4% risk of failure)
Confirm with . or Enter, or press ? or * to list all spells.
Aiming: Stone Arrow (dangerous; 4% risk of failure)
Press: ? - help, Shift-Dir - straight line, f/p - gnoll sergeant
Aim: a gnoll sergeant, wielding a +0 spear and wearing a +0 ring mail (almost dead, covered in acid, 79% to hit)
The stone arrow hits the gnoll sergeant!!
You kill the gnoll sergeant!
Vehumet accepts your kill. The acid dragon spits acid at you.
The splash of acid hits you!
* * * LOW HITPOINT WARNING * * *
The acid corrodes you!
You are splashed with acid!
You die...

▓_▓
▓_▓
▓_▓
▓_▓
▓_▓
▓_▓
▓'▓
▓.▓
▓@▓
▓)▓
▓.▓
▓.▓
▓)▓
▓[▓
▓D▓
▓.▓
▓'▓


You could see an acid dragon (catching breath).

Vanquished Creatures
  A sky beast (D)
  A gnoll sergeant (D)
  An orc priest (D)
  A white imp (D)
  An adder skeleton (D)
  An endoplasm (D)
  A giant cockroach (D)
  A hobgoblin (D)
  A kobold (D)
  A quokka (D)
  A bat (D)
11 creatures vanquished.

Notes
Turn   | Place    | Note
-------+----------+-------------------------------------------
     0 | D        | mhtbhm the Deep Elf Earth Elementalist began the quest for
                  | the Orb.
     0 | D        | Reached XP level 1. HP: 10/10 MP: 6/6
   189 | D        | Noticed an orc priest
   189 | D        | Noticed a sky beast
   191 | D        | Killed an orc priest
   192 | D        | Reached skill level 5 in Spellcasting
   192 | D        | Reached XP level 2. HP: 7/15 MP: 6/10
   192 | D        | Reached XP level 3. HP: 9/19 MP: 6/11
   361 | D        | Learned a level 2 spell: Passwall
   365 | D        | Learned a level 3 spell: Stone Arrow
   375 | D        | Killed a sky beast
   376 | D        | Reached XP level 4. HP: 5/24 MP: 5/15
   378 | D        | Reached XP level 5. HP: 6/28 MP: 3/17
   488 | D        | Found a snail-covered altar of Cheibriados.
   488 | D        | Found a shadowy altar of Dithmenos.
   488 | D        | Found a white marble altar of Elyvilon.
   488 | D        | Found a blossoming altar of Fedhas.
   488 | D        | Found an opulent altar of Gozag.
   489 | D        | Found a hazy altar of Hepliaklqana.
   490 | D        | Found a viscous altar of Jiyva.
   491 | D        | Found an ancient bone altar of Kikubaaqudgha.
   492 | D        | Found a corrupted altar of Lugonu.
   493 | D        | Found a burning altar of Makhleb.
   494 | D        | Found a sparkling altar of Nemelex Xobeh.
   495 | D        | Found an iron altar of Okawaru.
   496 | D        | Found a stormy altar of Qazlal.
   497 | D        | Found a sacrificial altar of Ru.
   498 | D        | Found a shimmering blue altar of Sif Muna.
   499 | D        | Found a bloodstained altar of Trog.
   500 | D        | Found a hide-covered altar of Uskayaw.
   501 | D        | Found a radiant altar of Vehumet.
   502 | D        | Found an ornate altar of the Wu Jian Council.
   503 | D        | Found a shimmering altar of Xom.
   504 | D        | Found a basalt altar of Yredelemnul.
   505 | D        | Found a glowing silver altar of Zin.
   506 | D        | Found a glowing golden altar of the Shining One.
   509 | D        | Became a worshipper of Vehumet
   660 | D        | Noticed an acid dragon
   660 | D        | Noticed a wraith
   660 | D        | Noticed an orc warrior
   671 | D        | Splashed by an acid dragon's acid

Illustrated notes

Levels and vault maps discovered:
D:        linesprint [early_d, line_temple, items_1, d_10, items_2, lair_1,
          lair_end, items_3, orc_1, orc_end, items_4, d_15, swamp_1, shoals_1,
          snake_1, spider_1, d_20, vaults_1, items_5, swamp_end, shoals_end,
          snake_end, spider_end, vaults_end, d_27, items_6, zot_1, zot_end,
          crypt_end, forest_end, elf_end, slime_end, tomb_end, abyss_end,
          pan_hell_end]

Skill      XL: |  1  2  3  4  5 |
---------------+----------------+-----
Spellcasting   | 5 7 8 |  8.0
Earth Magic    | 6 8 |  8.3
Dodging        | 3 4 |  4.4
Stealth        | 3 4 |  4.4
Fighting       | |  0.3
Transmutations | |  1.1

Action                   |  1- 3 |  4- 6 || total
-------------------------+-------+-------++-------
 Cast: Sandblast         |    13 |     4 ||    17
       Stone Arrow       |     1 |     2 ||     3
Evoke: Wand              |       |     1 ||     1
  Use: Potion            |       |     1 ||     1
Dodge: Dodged            |     1 |     1 ||     2

Table legend: (Time is in decaauts)
 A = Elapsed time spent in this place.
 B = Non-inter-level travel time spent in this place.
 C = Inter-level travel time spent in this place.
 D = Time resting spent in this place.
 E = Time spent auto-exploring this place.
 F = Levels seen in this place.
 G = Mean time per level.
                   A        B        C        D        E       F      G
               +--------+--------+--------+--------+--------+-----+--------+
         Total |    666 |    666 |      0 |    530 |      3 |   1 |  666.0 |
       Dungeon |    666 |    666 |      0 |    530 |      3 |   1 |  666.0 |
               +--------+--------+--------+--------+--------+-----+--------+

Top non-repeatable levels by time:
       D: 666 daAuts
